AoeStats
← KG4T. anolfo.xxx

Arena

504275886Analyzed
4v4 RM · 27d ago on Sep 4, 2026· 53m 31s· 8 players
Game mode
Random Map
Map size
Large (8 player)
Population
200
Speed
Normal
Resources
Standard
Victory
Conquest
Starting age
Dark Age
Ending age
Imperial Age
RankedLock teamsTeams togetherTeam positionsShared explorationLock speedFull tech treeHidden civsTurbo modeCheats
Victory
Defeat
🇪🇸 Khmer · Spain
1321
+11
🇻🇪 Bohemians · Venezuela
1256
+14
🇵🇪 Lithuanians · Peru
1181
+18
🇧🇪 Malians · Belgium
1107
+22
🇸🇮 Poles · Slovenia
1237
-17
🇦🇷 Koreans · Argentina
1234
-17
🇹🇭 Goths · Thailand
1222
-16
🇷🇺 Aztecs · Russia
1186
-15
MacNewbie
9:34 Feudal Age
12:24 Castle Age
10:50 Double-Bit Axe
19:18 Horse Collar
25:04 Imperial Age
24:06 Gold Mining
24:43 Bow Saw
25:56 Ballistics
26:33 Heavy Scorpion
28:17 Chemistry
28:40 Wheelbarrow
29:25 Conscription
29:34 Siege Engineers
30:23 Husbandry
32:27 Bloodlines
31:38 Light Cavalry
33:41 Double Crossbow
35:39 Scale Barding Armor
35:45 Forging
37:29 Chain Barding Armor
39:53 Iron Casting
40:34 Plate Barding Armor
40:59 Hussar
51:21 Blast Furnace
50:46 Fletching
El tigre Abelardo
11:05 Feudal Age
14:40 Castle Age
12:38 Double-Bit Axe
13:23 Horse Collar
15:48 Bow Saw
20:25 Heavy Plow
22:09 Wheelbarrow
23:45 Gold Mining
24:30 Hand Cart
25:12 Gold Shaft Mining
28:49 Imperial Age
26:25 Loom
26:26 Town Watch
26:56 Forging
26:46 Scale Mail Armor
28:29 Iron Casting
27:28 Man-at-Arms
28:09 Squires
27:54 Arson
28:16 Long Swordsman
29:12 Chain Mail Armor
28:57 Stone Mining
30:11 Crop Rotation
30:17 Stone Shaft Mining
29:11 Two-Handed Swordsman
30:00 Champion
31:21 Plate Mail Armor
32:56 Conscription
52:35 Farimba
52:26 Fletching
aurelio
10:25 Feudal Age
14:13 Castle Age
13:06 Double-Bit Axe
13:01 Horse Collar
15:22 Bow Saw
15:42 Loom
18:25 Fervor
20:34 Chemistry
28:07 Wheelbarrow
33:42 Imperial Age
32:12 Fletching
33:23 Ballistics
34:06 Masonry
37:35 Scale Mail Armor
37:46 Forging
KG4T. anolfo.xxx
10:43 Feudal Age
15:41 Castle Age
14:25 Gold Mining
14:16 Horse Collar
14:27 Double-Bit Axe
19:52 Fervor
20:35 Devotion
23:46 Wheelbarrow
22:58 Loom
24:33 Husbandry
24:44 Bloodlines
28:14 Scale Barding Armor
28:20 Forging
30:07 Chain Barding Armor
30:46 Iron Casting
31:12 Bow Saw
30:53 Stone Mining
35:40 Imperial Age
36:01 Crossbowman
36:47 Thumb Ring
37:39 Elite Skirmisher
39:06 Conscription
39:24 Faith
38:51 Light Cavalry
40:05 Fletching
43:32 Plate Barding Armor
43:30 Elite Leitis
47:24 Bodkin Arrow
47:54 Winged Hussar
50:53 Heavy Plow
51:57 Two-Man Saw
m00n
10:31 Feudal Age
11:43 Double-Bit Axe
14:25 Castle Age
13:13 Horse Collar
14:09 Wheelbarrow
15:57 Heavy Plow
17:39 Loom
24:15 Bow Saw
25:36 Hand Cart
29:18 Imperial Age
26:55 Light Cavalry
27:36 Husbandry
29:43 Bloodlines
29:52 Town Watch
31:16 Crop Rotation
31:31 Scale Barding Armor
31:37 Forging
32:26 Gold Mining
32:26 Stone Mining
33:13 Conscription
33:59 Chain Barding Armor
34:14 Iron Casting
35:03 Lechitic Legacy
36:34 Stone Shaft Mining
36:26 Winged Hussar
40:22 Blast Furnace
41:53 Chemistry
41:14 Ballistics
40:50 Murder Holes
41:06 Masonry
44:41 Bombard Tower
50:49 Fortified Wall
50:21 Treadmill Crane
Moa
11:03 Feudal Age
14:52 Castle Age
12:59 Horse Collar
14:05 Double-Bit Axe
15:26 Gold Mining
17:18 Scale Mail Armor
17:33 Eagle Warrior
19:28 Squires
21:14 Sanctity
20:48 Pikeman
24:12 Chain Mail Armor
25:41 Bow Saw
25:50 Redemption
30:01 Fervor
30:06 Atonement
30:48 Gold Shaft Mining
34:06 Imperial Age
33:23 Devotion
36:14 Block Printing
36:25 Illumination
37:36 Elite Eagle Warrior
38:56 Theocracy
40:20 Plate Mail Armor
41:31 Herbal Medicine
41:49 Heavy Plow
42:03 Loom
49:17 Wheelbarrow
48:27 Town Watch
48:54 Forging
48:35 Arson
51:42 Iron Casting
52:16 Conscription
53:40 Blast Furnace
Weafol
11:11 Feudal Age
12:41 Loom
15:20 Castle Age
14:11 Double-Bit Axe
14:09 Horse Collar
17:12 Bow Saw
19:07 Heavy Plow
21:29 Wheelbarrow
23:42 Hand Cart
25:12 Town Watch
28:18 Imperial Age
26:00 Crossbowman
26:51 Thumb Ring
27:02 Fletching
28:24 Ballistics
28:02 Bodkin Arrow
28:19 Fortified Wall
27:50 Treadmill Crane
29:03 Bracer
30:36 Chemistry
29:46 Siege Engineers
29:49 Gold Mining
31:11 Arbalester
34:38 Murder Holes
36:55 Arrowslits
37:22 Fortified Wall
37:23 Masonry
36:56 Treadmill Crane
44:05 Fortified Wall
51:04 Two-Man Saw
53:11 Conscription
52:57 Eupseong
SeriousHong
5:30 Loom
11:35 Feudal Age
15:32 Castle Age
13:34 Double-Bit Axe
14:12 Stone Mining
16:39 Bow Saw
23:30 Horse Collar
24:31 Forging
24:28 Heavy Plow
25:07 Wheelbarrow
29:19 Imperial Age
27:50 Hand Cart
27:38 Scale Mail Armor
28:15 Anarchy
28:22 Gold Mining
29:22 Iron Casting
29:56 Squires
29:25 Elite Huskarl
31:54 Two-Man Saw
32:44 Blast Furnace
32:00 Chain Mail Armor
32:30 Conscription
32:56 Crop Rotation
32:25 Pikeman
32:25 Man-at-Arms
33:06 Long Swordsman
34:36 Two-Handed Swordsman
35:38 Murder Holes
35:37 Heated Shot
36:09 Perfusion
36:14 Champion
38:24 Chemistry
39:25 Halberdier
Connection lost

Rejoining the realm…

Still unreachable

The connection could not be restored.

Session expired

The server has moved on; the page needs a fresh start.